 Dungeon Crawl Stone Soup version 0.30.1-6-gbe392663c4 (webtiles) character file.

Game seed: 15993079003325765143

167 NullDivider the Stinger (level 5, -3/31 HPs)
             Began as an Octopode Venom Mage on Sept 20, 2023.
             Slain by a hobgoblin (6 damage)
             ... led by Robin
             ... on level 2 of the Dungeon.
             The game lasted 00:11:04 (2291 turns).

NullDivider the Stinger (Octopode Venom Mage)       Turns: 2291, Time: 00:11:04

Health: -3/31      AC:  1    Str:  8    XL:     5   Next: 48%
Magic:  4/9        EV: 14    Int: 17    God:
Gold:   137        SH:  0    Dex: 14    Spells: 3/9 levels left

rFire   . . .        e - staff of air
rCold   . . .        (no shield)
rNeg    . . .        (helmet restricted)
rPois   .            (no amulet)
rElec   +            (no ring)
rCorr   .            (no ring)
SInv    .            (no ring)
Will    .....        (no ring)
Stlth   ++++         (no ring)
HPRegen 0.25/turn    (no ring)
MPRegen 0.11/turn    (no ring)
                     (no ring)

%: no passive effects
@: no status effects
A: almost no armour, amphibious, 8 rings, camouflage 1, gelatinous body 1,
(nimble swimmer 1), tentacles
a: no special abilities


You were on level 2 of the Dungeon.
You visited 1 branch of the dungeon, and saw 3 of its levels.

You collected 137 gold pieces.

Inventory:

Magical Staves
 e - a staff of air (weapon)
Scrolls
 b - 2 scrolls of identify {unknown}
 c - 2 scrolls of fog {unknown}
 f - 2 scrolls of teleportation {unknown}
 j - a scroll of immolation {unknown}
 k - a scroll of acquirement {unknown}
Potions
 a - a potion of magic
 d - a potion of curing {unknown}
 g - a potion of attraction {unknown}
 h - 2 potions of might {unknown}
 i - a potion of degeneration {unknown}


   Skills:
 + Level 3.0 Dodging
 + Level 4.3 Stealth
 + Level 2.9 Spellcasting
 - Level 1.0 Transmutations
 + Level 1.7 Air Magic
 + Level 4.5 Poison Magic


You had 3 spell levels left.
You knew the following spells:

 Your Spells              Type           Power      Damage    Failure   Level
a - Sting                 Tmut/Pois      44%        1d5       5%          1
b - Poisonous Vapours     Pois/Air       38%        N/A       8%          2
c - Mephitic Cloud        Conj/Pois/Air  14%        N/A       22%         3

Your spell library contained the following spells:

 Spells                   Type           Power      Damage    Failure   Level
 Lesser Beckoning         Tloc           4%         N/A       26%         2
 Gell's Gravitas          Tloc           2%         N/A       47%         3
 Teleport Other           Tloc           2%         N/A       47%         3
 Olgreb's Toxic Radiance  Pois           18%        N/A       26%         4


Dungeon Overview and Level Annotations

Branches:
Dungeon (3/15)

Altars:
Qazlal

Annotations:
D:3 Robin


Innate Abilities, Weirdness & Mutations

You cannot wear most types of armour.
You are amphibious.
You can wear up to eight rings at the same time.
Your skin changes colour to match your surroundings (Stealth+).
Your rubbery body absorbs attacks. (AC +1, EV +1)
((You are camouflaged when in or above water. (Stealth+)))
You have tentacles for arms and can constrict up to eight enemies at once.


Message History

A goblin comes into view. It is wielding a +0 dagger.
You hit the goblin. Your grab misses the goblin.
The goblin is heavily wounded.
You constrict the hobgoblin.
You kill the hobgoblin!
A hobgoblin comes into view.
The hobgoblin closely misses you. Robin throws the goblin at you!
The goblin barely misses you. The goblin hits you but does no damage.
The hobgoblin attacks as you move away! The hobgoblin closely misses you.
The goblin attacks as you move away! The goblin closely misses you.
The goblin attacks as you move away! The goblin hits you with a +0 dagger.
The hobgoblin attacks as you move away! The hobgoblin hits you.
The goblin attacks as you move away! The goblin hits you with a +0 dagger.
A dart slug comes into view.
A hobgoblin comes into view.
Robin roars a battlecry!
The goblins go into a battle-frenzy!
The goblin attacks as you move away! The goblin misses you.
The hobgoblin closely misses you. The hobgoblin barely misses you.
The hobgoblin attacks as you move away! The hobgoblin completely misses you.
The goblin attacks as you move away! The goblin hits you with a +0 dagger.
The hobgoblin hits you.
There is a stone staircase leading up, spattered with blood here.
The hobgoblin barely misses you. The goblin hits you with a +0 dagger.
You climb upwards.
There is a stone staircase leading down here.
You closely miss the goblin. You grab the goblin. You constrict the goblin.
The hobgoblin hits you.
* * * LOW HITPOINT WARNING * * *
The goblin hits you with a +0 dagger.
* * * LOW HITPOINT WARNING * * *
You barely miss the hobgoblin. Your grab misses the hobgoblin.
You constrict the goblin. The hobgoblin hits you.
* * * LOW HITPOINT WARNING * * *
The goblin barely misses you.
You hit the hobgoblin but do no damage. Your grab misses the hobgoblin.
You constrict the goblin.
You kill the goblin!
The hobgoblin hits you.
You die...

#.#..####..........###.##......
#.#........#....).## #.#####.#.
#.###.###....#'##.# #.# #####
#..........(.#.#..####.## #.###
#####.##.##..#.#.#......# #..##
#.##.....#.#.#......###...#
######.##.###'#...#........)..[.
#......#####....#######..###....
#......##..'...@.### #.........
#......##.##..)g...# #...##.#'#
#......##.####...#.# #......#.#
######.##.# #...#.#####..####.#
#......#.# #...#..............
#......#.####################.#
#......#....).................#
#......#########..#############
#......'...#...#.....#.........


You could see a hobgoblin (strong).

Vanquished Creatures
  A sky beast (D:3)
  An adder (D:2)
  3 gnolls (D:2)
  A dart slug (D:1)
  3 endoplasms
  A giant cockroach (D:2)
  11 goblins
  2 hobgoblins
  3 ball pythons
  3 bats
  2 kobolds
  5 rats
36 creatures vanquished.

Notes
Turn   | Place    | Note
-------+----------+-------------------------------------------
     0 | D:1      | NullDivider the Octopode Venom Mage began the quest for the
                  | Orb.
     0 | D:1      | Reached XP level 1. HP: 11/11 MP: 3/3
   329 | D:1      | Reached XP level 2. HP: 15/17 MP: 1/5
   612 | D:1      | Learned a level 2 spell: Poisonous Vapours
   991 | D:2      | Reached XP level 3. HP: 10/21 MP: 3/6
  1458 | D:2      | Reached XP level 4. HP: 27/27 MP: 3/7
  1508 | D:2      | Learned a level 3 spell: Mephitic Cloud
  1588 | D:2      | Reached skill level 1 in Air Magic
  2139 | D:3      | Noticed a sky beast
  2139 | D:3      | Found a stormy altar of Qazlal.
  2161 | D:3      | Killed a sky beast
  2162 | D:3      | Reached XP level 5. HP: 13/31 MP: 1/9
  2274 | D:3      | Noticed Robin
  2291 | D:2      | Slain by a hobgoblin

Illustrated notes

Levels and vault maps discovered:
D:1:      lightli_arrival_farm, layout_basic, minmay_tetromino_s2
D:2:      kennysheep_the_goblin_king, layout_basic, nicolae_figureground_sparkle
D:3:      layout_basic, kennysheep_okawaru_gauntlet,
          nicolae_ashenzari_panopticon, nicolae_qazlal_beasts_of_the_sky,
          minmay_lizard_king, uniq_ijyb, uniq_robin

Skill      XL: |  1  2  3  4 |
---------------+-------------+-----
Stealth        | 3 4 |  4.3
Poison Magic   | 4 |  4.5
Air Magic      | 1 |  1.7
Dodging        | 3 |  3.0
Spellcasting   | |  2.9
Transmutations | |  1.0

Action                     |  1- 3 |  4- 6 || total
---------------------------+-------+-------++-------
  Melee: Unarmed           |     8 |       ||     8
         Constrict         |     6 |     3 ||     9
         Tentacles         |     4 |     4 ||     8
         Staff             |    12 |    17 ||    29
   Cast: Sting             |    31 |     7 ||    38
         Poisonous Vapours |     5 |     7 ||    12
         Mephitic Cloud    |       |     1 ||     1
 Armour: Skin              |       |     3 ||     3
  Dodge: Dodged            |     9 |    20 ||    29
